Map: 공허 분쇄

Players

펜타네스트

  • Race: Terran Terran
  • Spawn Location: 9:00

펜타네스트

  • Race: Terran Terran
  • Spawn Location: 6:00

VOD

Have the link to the VOD?

Description

Time

  • Played on: March 11, 2018, 5:26 p.m.
  • Length: 18:21
Show
View Real Time Build Order
Export as new Build Order

펜타네스트 Terran 

Build Orders:  

Get SALT Encoding   

  12  0:03  SCV  
  3  0:20  SCV  
  13  0:27  Refinery  
  14  0:36  SCV  
  15  0:45  Refinery  
  15  0:53  SCV  
  16  1:08  Barracks  
  16  2:14  Factory  
  16  2:23  SCV  
  16  2:28  Railgun Turret  
  17  2:31  Railgun Turret  
  17  2:40  SCV  
  18  2:57  SCV  
  19  3:14  SCV  
  19  3:16  Armory, Starport  
  20  3:31  SCV  
  21  3:43  Armory  
  21  3:48  SCV  
  22  4:05  SCV  
  22  4:08  Starport Tech Lab  
  22  4:09  Factory Tech Lab, Barracks Tech Lab  
  23  4:20  Refinery  
  23  4:21  Refinery  
  23  4:22  SCV  
  24  4:39  Defensive Drone, SCV  
  25  4:56  SCV  
  26  5:00  Raid Artillery  
  26  5:17  Terran Vehicle and Ship Weapons Level 1, SCV  
  26  5:18  Terran Vehicle And Ship Armor Level 1  
  27  5:30  Smart Servos  
  27  5:43  Command Center  
  27  5:50  Ghost Visor  
  27  6:02  SCV  
  28  6:15  Enhanced Manufacturing  
  28  6:19  SCV  
  29  6:20  Engineering Bay  
  29  6:35  SCV, Operational Efficiency  
  30  6:52  SCV  
  31  7:00  Covert Triage  
  31  7:12  SCV  
  32  7:27  SCV  
  32  7:29  SCV  
  34  7:39  Raid Liberator  
  40  7:44  SCV  
  40  7:47  Defensive Drone  
  41  8:01  SCV  
  42  8:47  Defensive Drone  
  42  8:58  Defensive Drone  
  42  8:59  Defensive Drone  
  42  9:24  Defensive Drone  
  42  9:26  Raid Liberator  
  48  10:23  Griffin Airstrike  
  48  10:39  Terran Vehicle and Ship Weapons Level 2, Terran Vehicle And Ship Armor Level 2  
  48  10:43  Raven Type-II x2  
  52  11:23  Griffin Airstrike  
  52  11:29  Railgun Turret  
  52  11:40  Railgun Turret  
  52  11:54  EMP Round  
  52  12:24  Super Stimpack  
  52  13:04  Griffin Airstrike  
  52  13:09  Laser Targeting System  
  52  13:38  Triple Tap  
  52  13:54  Terran Vehicle And Ship Armor Level 3, Terran Vehicle and Ship Weapons Level 3  
  52  14:13  Elite Marine, Spec Ops Ghost  
  52  14:18  Elite Marine  
  64  14:40  Railgun Turret x2  
  64  14:42  Defensive Drone  
  64  14:46  Griffin Airstrike  
  64  15:06  Raid Liberator  
  70  15:31  Defensive Drone  
  70  15:36  Railgun Turret  
  70  15:44  Railgun Turret  
  70  15:47  Griffin Airstrike  
  70  15:49  Railgun Turret  
  70  15:51  Railgun Turret  
  70  15:56  Railgun Turret  
  70  15:58  Railgun Turret  
  70  16:37  Raven Type-II  
  72  16:49  Griffin Airstrike  
  72  17:30  Instant Regeneration  
  72  17:48  Defensive Drone  
  72  17:50  Griffin Airstrike  
Show
View Real Time Build Order
Export as new Build Order

펜타네스트 Terran 

Build Orders:  

Get SALT Encoding   

Tags
 
Commander
NovaRaynor
Matchup
Co-op
Replay Pack
Co-op Speedrun
Add a new tag
Caveats
  • Supply blocks, unpowered buildings, or Contaminate may cause inaccurate times.
  • Supply counts are checked every 10 seconds.